AoeStats
← chtken11

Migration

510273243Analyzed
1v1 RM · 1d ago on Sep 30, 2026· 58m 42s· 2 players
Game mode
Random Map
Map size
132×132
Population
200
Speed
Normal
Resources
Standard
Victory
Conquest
Starting age
Dark Age
Ending age
Imperial Age
RankedLock teamsTeams togetherTeam positionsShared explorationLock speedFull tech treeHidden civsTurbo modeCheats
Victory
Defeat
🇦🇺 Goths · Australia
833
+15
🇭🇺 Chinese · Hungary
819
-15
adameczati
10:24 Feudal Age
10:50 Double-Bit Axe
14:54 Gold Mining
16:13 Horse Collar
19:18 Castle Age
19:04 Stone Mining
19:51 Fletching
20:03 Scale Mail Armor
20:15 Bow Saw
20:38 Man-at-Arms
21:24 Crossbowman
22:12 Thumb Ring
26:17 Long Swordsman
27:04 Bodkin Arrow
28:10 Ballistics
32:05 Imperial Age
32:05 Medium Warships
32:19 Careening
32:17 Siphons
34:05 Two-Handed Swordsman
37:18 Chain Mail Armor
37:05 Bracer
42:50 Chemistry
43:46 Padded Archer Armor
43:58 Forging
49:25 Dry Dock
50:08 Heavy Warships
51:09 Plate Mail Armor
54:02 Shipwright
57:27 Iron Casting
chtken11
10:09 Loom
11:55 Feudal Age
17:00 Castle Age
15:14 Horse Collar
15:21 Double-Bit Axe
15:52 Gold Mining
15:52 Man-at-Arms
21:26 Wheelbarrow
22:02 Bow Saw
21:53 Heavy Plow
22:56 Long Swordsman
23:37 Squires
28:24 Hand Cart
32:26 Imperial Age
31:33 Anarchy
31:35 Scale Mail Armor
31:46 Forging
32:32 Chain Mail Armor
33:11 Masonry
32:58 Murder Holes
33:27 Ballistics
32:59 Two-Handed Swordsman
33:03 Pikeman
33:14 Elite Huskarl
34:16 Conscription
34:25 Champion
36:38 Perfusion
38:16 Town Watch
45:06 Two-Man Saw
44:53 Crop Rotation
44:49 Medium Warships
44:01 Demolition Ship
48:35 Heavy Warships
54:15 Iron Casting
58:13 Murder Holes
59:19 Chemistry
58:51 Architecture
Connection lost

Rejoining the realm…

Still unreachable

The connection could not be restored.

Session expired

The server has moved on; the page needs a fresh start.